 Dungeon Crawl Stone Soup version 0.28.0-49-g6dfe1f597d (webtiles) character file.

Game seed: 11232085889459298809

44 issech the Ducker (level 3, 0/35 HPs)
             Began as a Gnoll Wanderer on May 19, 2022.
             Slain by a goblin
             ... wielding a +0 club
             ... led by Robin
              (3 damage)
             ... on level 1 of the Dungeon.
             The game lasted 00:08:42 (1817 turns).

issech the Ducker (Gnoll Wanderer)                  Turns: 1817, Time: 00:08:42

Health: 0/35       AC:  3    Str: 10    XL:     3   Next: 62%
Magic:  7/7        EV: 14    Int:  9    God:
Gold:   25         SH:  0    Dex: 16    Spells: 6/7 levels left

rFire   . . .      SeeInvis .   g - +0 flail
rCold   . . .      Faith    .   (no shield)
rNeg    . . .      Spirit   .   d - +0 leather armour
rPois   .          Reflect  .   (no helmet)
rElec   .          Harm     .   (no cloak)
rCorr   .          Rampage  .   (no gloves)
Will    .....                   (no boots)
Stlth   ++........              (no amulet)
HPRegen 0.11/turn               (no ring)
MPRegen 0.10/turn               (no ring)

@: no status effects
A: fangs 1, strong nose, distributed training
a: no special abilities


You were on level 1 of the Dungeon.
You visited 1 branch of the dungeon, and saw 2 of its levels.

You collected 25 gold pieces.

Inventory:

Hand Weapons
 a - a +0 dagger
 f - a +0 spear
 g - a +0 flail (weapon)
 i - a +0 hunting sling
Missiles
 b - 3 throwing nets
 h - 40 stones
 j - 22 bolts
Armour
 d - a +0 leather armour (worn)
Scrolls
 e - 2 scrolls of immolation {unknown}
Potions
 c - a potion of attraction
 k - a potion of curing {unknown}


   Skills:
 + Level 6.5 Fighting
 + Level 0.9 Short Blades
 + Level 0.9 Long Blades
 + Level 0.9 Axes
 + Level 0.9 Maces & Flails
 + Level 0.9 Polearms
 + Level 0.9 Staves
 + Level 0.9 Slings
 + Level 0.9 Bows
 + Level 0.9 Crossbows
 + Level 0.9 Throwing
 + Level 4.5 Armour
 + Level 6.5 Dodging
 + Level 0.9 Stealth
 + Level 0.9 Shields
 + Level 0.9 Unarmed Combat
 + Level 2.8 Spellcasting
 + Level 0.6 Conjurations
 + Level 0.6 Hexes
 + Level 0.6 Summonings
 + Level 0.6 Necromancy
 + Level 0.6 Translocations
 + Level 2.1 Transmutations
 + Level 0.6 Fire Magic
 + Level 0.6 Ice Magic
 + Level 0.6 Air Magic
 + Level 0.6 Earth Magic
 + Level 0.6 Poison Magic
 + Level 1.0 Invocations
 + Level 0.9 Evocations


You had 6 spell levels left.
You knew the following spells:

 Your Spells              Type           Power      Damage    Failure   Level
a - Sting                 Tmut/Pois      12%        1d3       22%         1

Your spell library contained the following spells:

 Spells                   Type           Power      Damage    Failure   Level
 Ignite Poison            Fire/Tmut/Pois 3%         N/A       58%         3


Dungeon Overview and Level Annotations

Branches:
Dungeon (2/15)

Altars:

Annotations:
D:2 Robin


Innate Abilities, Weirdness & Mutations

You have very sharp teeth.
Your uncanny sense of smell can sniff out nearby items.
Your experience applies equally to all skills.


Message History

You climb upwards.
There is a stone staircase leading down here.
You hit the hobgoblin but do no damage. The goblin misses you.
The hobgoblin closely misses you. The hobgoblin barely misses you.
You hit the hobgoblin but do no damage. Your bite misses the hobgoblin.
The goblin closely misses you. The hobgoblin closely misses you.
The hobgoblin barely misses you. The goblin hits you but does no damage.
You hit the hobgoblin.
The hobgoblin is almost dead.
The hobgoblin hits you. The hobgoblin closely misses you.
The goblin hits you with a +0 club. The hobgoblin barely misses you.
The hobgoblin closely misses you.
You closely miss the hobgoblin.
The hobgoblin is almost dead.
The goblin hits you with a +0 club. The hobgoblin hits you.
* * * LOW HITPOINT WARNING * * *
The hobgoblin hits you but does no damage.
You hit the hobgoblin.
You kill the hobgoblin!
The goblin closely misses you. The hobgoblin misses you. The goblin misses you.
The hobgoblin barely misses you.
You barely miss the hobgoblin. You punch the hobgoblin.
The hobgoblin is severely wounded.
The goblin hits you with a +0 club.
* * * LOW HITPOINT WARNING * * *
The hobgoblin barely misses you.
You closely miss the hobgoblin.
The hobgoblin is severely wounded.
The goblin closely misses you. The hobgoblin closely misses you.
You hit the hobgoblin.
The hobgoblin is almost dead.
The goblin no longer looks unusually strong.
The goblin closely misses you. The hobgoblin closely misses you.
The goblin hits you but does no damage. The hobgoblin misses you.
You hit the hobgoblin.
You kill the hobgoblin!
The goblin closely misses you.
You completely miss the goblin. You bite the goblin, but do no damage.
The goblin hits you with a +0 club.
You die...

#........# #............
#........# #............
#.###########............
#...................##+#.
##################.###.##
#..........##
#.####.######
######+####.......
#@).............##
#†g.............##
#...............##
#...............'.
#...............##
#...............##
######..)............##
#....'...............##
#.####...............##


You could see a goblin.

Vanquished Creatures
  An adder (D:1)
  A gnoll (D:1)
  5 endoplasms (D:1)
  A giant cockroach (D:1)
  4 goblins (D:1)
  2 hobgoblins (D:1)
  A kobold (D:1)
  2 quokkas (D:1)
  2 ball pythons
  2 bats (D:1)
  2 frilled lizards (D:1)
  A rat (D:1)
24 creatures vanquished.

Notes
Turn   | Place    | Note
-------+----------+-------------------------------------------
     0 | D:1      | issech the Gnoll Wanderer began the quest for the Orb.
     0 | D:1      | issech set off with the following items: a +0 dagger, 4
                  | throwing nets, a potion of attraction, a +0 leather armour;
                  | and the following spell memorised: Sting; and the following
                  | spells available to memorise: Ignite Poison
     0 | D:1      | Reached XP level 1. HP: 23/23 MP: 4/4
   495 | D:1      | Reached XP level 2. HP: 8/29 MP: 5/5
  1214 | D:1      | Reached XP level 3. HP: 33/35 MP: 7/7
  1657 | D:2      | Noticed Robin
  1677 | D:1      | Reached skill level 1 in Invocations
  1817 | D:1      | Slain by a goblin

Illustrated notes

Levels and vault maps discovered:
D:1:      elethiomel_arrival_shortcut, layout_basic, minmay_statues_item
D:2:      layout_basic, dilly_ecumenical_altar_fadedgnrine, uniq_sigmund,
          uniq_robin

Skill      XL: |  1  2  3 |
---------------+----------+-----
Transmutations | 2 |  2.1
Invocations    | 1 |  1.0
Fighting       | |  6.5
Short Blades   | |  0.9
Long Blades    | |  0.9
Axes           | |  0.9
Maces & Flails | |  0.9
Polearms       | |  0.9
Staves         | |  0.9
Slings         | |  0.9
Bows           | |  0.9
Crossbows      | |  0.9
Throwing       | |  0.9
Armour         | |  4.5
Dodging        | |  6.5
Stealth        | |  0.9
Shields        | |  0.9
Unarmed Combat | |  0.9
Spellcasting   | |  2.8
Conjurations   | |  0.6
Hexes          | |  0.6
Summonings     | |  0.6
Necromancy     | |  0.6
Translocations | |  0.6
Fire Magic     | |  0.6
Ice Magic      | |  0.6
Air Magic      | |  0.6
Earth Magic    | |  0.6
Poison Magic   | |  0.6
Evocations     | |  0.9

Action                   || total
-------------------------++-------
Melee: Dagger            ||    59
       Spear             ||     7
       Bite              ||    11
       Flail             ||    50
       Punch             ||     1
Throw: Throwing net      ||     1
 Stab: Sleeping          ||     1
Armor: Leather armour    ||    32
Dodge: Dodged            ||   139
